 Dungeon Crawl Stone Soup version 0.28.0-43-g3370ac3207 (webtiles) character file.

Game seed: 17680137517394311903

602 Pinkishskies the Chopper (level 7, -6/61 HPs)
             Began as a Minotaur Fighter on Mar 8, 2022.
             Was an Initiate of the Shining One.
             Killed from afar by an orc wizard (8 damage)
             ... with a magic dart
             ... on level 7 of the Dungeon on Mar 9, 2022.
             The game lasted 00:12:32 (3766 turns).

Pinkishskies the Chopper (Minotaur Fighter)         Turns: 3766, Time: 00:12:32

Health: -6/61      AC:  8    Str: 23    XL:     7   Next: 18%
Magic:  6/6        EV:  8    Int:  5    God:    the Shining One [......]
Gold:   143        SH:  8    Dex:  9    Spells: 6/6 levels left

rFire   . . .      SeeInvis .   a - +0 war axe
rCold   . . .      Faith    .   n - +0 kite shield
rNeg    . . .      Spirit   .   b - +0 scale mail
rPois   .          Reflect  .   (helmet restricted)
rElec   .          Harm     .   p - scarf {shadows}
rCorr   .          Rampage  .   s - +0 pair of gloves
Will    .....                   (no boots)
Stlth   ..........              (no amulet)
HPRegen 0.20/turn               (no ring)
MPRegen 0.10/turn               (no ring)

@: mighty, glowing
A: horns 2, retaliatory headbutt
a: Renounce Religion


You were on level 7 of the Dungeon.
You worshipped the Shining One.
The Shining One was noncommittal.
You visited 2 branches of the dungeon, and saw 7 of its levels.

You collected 208 gold pieces.
You spent 65 gold pieces at shops.

Inventory:

Hand Weapons
 a - a +0 war axe (weapon)
 i - a +2 rapier of venom
 r - the +2 dagger "Faasus" {elec, Will+ Int+3 Dex+3}
   (You found it on level 4 of the Dungeon)

   It occasionally discharges a powerful burst of electricity upon striking a
   foe.
   Int:       It affects your intelligence (+3).
   Dex:       It affects your dexterity (+3).
   Will:      It increases your willpower.
Missiles
 u - 2 throwing nets (quivered)
Armour
 b - a +0 scale mail (worn)
 c - a +0 buckler
 n - a +0 kite shield (worn)
 p - a scarf of shadows (worn)
 s - a +0 pair of gloves (worn)
Jewellery
 m - a +6 ring of intelligence
Scrolls
 e - 4 scrolls of identify {unknown}
 h - a scroll of vulnerability {unknown}
 j - 2 scrolls of amnesia {unknown}
 k - 2 scrolls of blinking {unknown}
Potions
 f - a potion of mutation {unknown}
 g - a potion of resistance {unknown}
 o - a potion of flight {unknown}
 q - a potion of curing
 t - 2 potions of degeneration {unknown}


   Skills:
 * Level 5.6 Fighting
 + Level 6.2 Axes
 + Level 5.8 Armour
 - Level 0.9 Dodging
 + Level 4.9 Shields


You had 6 spell levels left.
You didn't know any spells.
Your spell library contained the following spells:

 Spells                   Type           Power      Damage    Failure   Level
 Slow                     Hex            0%         N/A       98%         1
 Corpse Rot               Necr/Air       0%         N/A       99%         2
 Poisonous Vapours        Pois/Air       0%         N/A       99%         2
 Confusing Touch          Hex            0%         N/A       100%        3
 Vampiric Draining        Necr           0%         2d6       100%        3


Dungeon Overview and Level Annotations

Branches:
Dungeon (5/15)             Temple (1/1) D:5

Altars:
Ashenzari
Cheibriados
Elyvilon
Gozag
Okawaru
Sif Muna
Trog
Vehumet
Yredelemnul
Zin
The Shining One

Shops:
D:4 *   D:5 (

Annotations:
D:3 Sigmund
D:4 exclusion: statue
D:5 Edmund


Innate Abilities, Weirdness & Mutations

You have a pair of horns on your head.
You reflexively headbutt those who attack you in melee.


Message History

The iguana bites you!
* * * LOW HITPOINT WARNING * * *
You slash the iguana!
You kill the iguana!
There is a shaft here.
You fall into a shaft and drop 2 floors!
The shaft crumbles and collapses.
The hound barks!
The ufetubus shouts!
The kobold shouts!
You hear a shout! x4
Found a ring mail and 13 gold pieces.
Found a throwing net.
The wyvern skeleton bites you but does no damage.
A centaur zombie comes into view.
Found 11 gold pieces.
The wyvern skeleton bites you but does no damage.
You block the hound's attack. The hound barely misses you.
You furiously retaliate!
You headbutt the hound!
An orc comes into view. It is wielding a +0 falchion.
The orc shouts!
You hear a shout!
The hound bites you but does no damage. The hound bites you but does no damage.
You block the ufetubus's attack. The ufetubus barely misses you.
The ufetubus hits you.
* * * LOW HITPOINT WARNING * * *
The ufetubus barely misses you. The hound bites you but does no damage.
The ufetubus hits you.
* * * LOW HITPOINT WARNING * * *
The ufetubus barely misses you.
Found 2 boomerangs.
Found a pair of gloves.
The hound barely misses you.
An orc wizard comes into view. It is wielding a +0 dagger.
The orc wizard shouts!
You hear a shout! x2
The hound closely misses you. 2 orc wizards come into view.
The orc wizard shouts! x2; You hear a shout!
An orc wizard comes into view.
It is wielding a +2 dagger of holy wrath.
An orc warrior comes into view. It is wielding a +0 scimitar.
The orc warrior shouts!
The orc wizard gestures at you while chanting.
The magic dart hits you!
You die...

...... .# ...... ..
..oo.. ##.
...oo.#.. .#
......[. ..#
..o....# #####..##
....##@# #.$......
....(.h# #.......#
....##5####........
.......F..Fo.......
.....#####ZZ......#
..##. ...(........#
. # #####........
..........##.
.............


You could see an orc warrior, a bullfrog, a hound, 4 orc wizards and an
ufetubus.

Vanquished Creatures
  A centaur (D:5)
  A phantom (D:5)
  A scorpion (D:5)
  An orc priest (D:5)
  A hound (D:5)
  A centaur skeleton (D:5)
  Natasha (thrice) (D:3)
  2 iguanas (D:5)
  A hound skeleton (D:4)
  6 adders
  A white imp (D:5)
  An ufetubus (D:5)
  4 dart slugs
  9 orcs
  6 ball pythons
  6 bats
  4 endoplasms
  4 giant cockroaches (D:1)
  4 goblins
  7 hobgoblins
  A jackal (D:2)
  12 kobolds
  4 quokkas
  3 frilled lizards
  14 rats
98 creatures vanquished.

Notes
Turn   | Place    | Note
-------+----------+-------------------------------------------
     0 | D:1      | Pinkishskies the Minotaur Fighter began the quest for the
                  | Orb.
     0 | D:1      | Reached XP level 1. HP: 19/19 MP: 0/0
    78 | D:1      | Found a faded altar of an unknown god.
   112 | D:1      | Reached XP level 2. HP: 27/27 MP: 1/1
   257 | D:1      | Reached skill level 3 in Axes
   389 | D:1      | Reached XP level 3. HP: 33/33 MP: 2/2
   997 | D:2      | Reached XP level 4. HP: 40/40 MP: 3/3
  1644 | D:3      | Noticed Natasha
  1647 | D:3      | Reached skill level 4 in Axes
  1656 | D:3      | Killed Natasha
  1657 | D:3      | Reached XP level 5. HP: 40/47 MP: 4/4
  1711 | D:3      | Noticed Natasha
  1718 | D:3      | Killed Natasha
  1846 | D:3      | Noticed Natasha
  1852 | D:3      | Killed Natasha
  1948 | D:3      | Noticed Sigmund
  2142 | D:4      | Found a radiant altar of Vehumet.
  2142 | D:4      | Noticed a frost-covered statue
  2445 | D:4      | Identified the +2 dagger "Faasus" {elec, Will+ Int+3 Dex+3}
  2477 | D:4      | Found Uneral's General Store.
  2484 | D:4      | Bought a potion of heal wounds for 65 gold pieces
  2670 | D:4      | Found a shimmering blue altar of Sif Muna.
  2670 | D:4      | Found a snail-covered altar of Cheibriados.
  3010 | D:5      | Entered Level 5 of the Dungeon
  3018 | D:5      | Noticed Edmund
  3079 | D:5      | Noticed a centaur
  3085 | D:5      | Killed a centaur
  3086 | D:5      | Reached skill level 5 in Fighting
  3086 | D:5      | Reached skill level 5 in Axes
  3086 | D:5      | Reached XP level 6. HP: 45/56 MP: 5/5
  3201 | D:5      | Reached skill level 5 in Armour
  3253 | D:5      | Found a staircase to the Ecumenical Temple.
  3414 | D:5      | Noticed an ice beast
  3435 | Temple   | Entered the Ecumenical Temple
  3458 | Temple   | Became a worshipper of the Shining One
  3523 | D:5      | Found an iron altar of Okawaru.
  3524 | D:5      | Found a broken altar of Ashenzari.
  3714 | D:5      | Found Wyseur's Hydra Hut.
  3729 | D:5      | Noticed a seven-headed hydra
  3743 | D:5      | Reached XP level 7. HP: 22/61 MP: 6/6
  3750 | D:5      | Reached skill level 6 in Axes
  3750 | D:5      | HP: 2/61 [iguana (9)]
  3753 | D:5      | You fall into a shaft and drop 2 floors!
  3761 | D:7      | HP: 3/61 [ufetubus (1)]
  3761 | D:7      | HP: 1/61 [ufetubus (2)]
  3766 | D:7      | Killed from afar by an orc wizard

Illustrated notes

Levels and vault maps discovered:
D:1:      dpeg_arrival_houses_and_road, layout_loops_ring,
          ebering_ecumenical_altar_hall
D:2:      layout_basic, st_stairs_11, nrook_uturn, minmay_rat_gold_closets
D:3:      layout_rooms, serial_glass, glass_columns_a, glass_columns_a,
          glass_columns_a, glass_columns_b, glass_columns_a, glass_columns_c,
          glass_columns_c, glass_columns_a, uniq_jessica, uniq_natasha,
          uniq_sigmund
D:4:      layout_loops_cross, vehumet_statue, gammafunk_temple_overflow_statue,
          serial_shops, shop
D:5:      layout_loops_ring, nicolae_ru_awakened_eye,
          mainiacjoe_overflow_divided_tiny, minmay_temple_entry_water_ring,
          doesnt_shop_hydraphobe, uniq_edmund, uniq_grinder
D:7:      layout_rooms
Temple:   nicolae_temple_great_sept

Skill      XL: |  1  2  3  4  5  6  7 |
---------------+----------------------+-----
Axes           | 3 4 5 6 |  6.2
Fighting       | 4 5 |  5.6
Shields        | 4 |  4.9
Armour         | 4 5 |  5.8
Dodging        | |  0.9

Action                   |  1- 3 |  4- 6 |  7- 9 || total
-------------------------+-------+-------+-------++-------
Melee: War axe           |    79 |   111 |     8 ||   198
       Headbutt          |     6 |    14 |       ||    20
  Use: Potion            |       |     4 |     1 ||     5
Armor: Scale mail        |    50 |    49 |     7 ||   106
Dodge: Dodged            |    40 |    48 |     7 ||    95
Block: Buckler           |    19 |    13 |       ||    32
       Kite shield       |       |    27 |     5 ||    32
